 Dungeon Crawl Stone Soup version 0.31-a0-1576-ga3383bade6 (webtiles) character file.

Game seed: 6442932549944449415

142 grandjackal the Chopper (level 5, 0/42 HPs)
             Began as a Demonspawn Gladiator on Jan 4, 2024.
             Slain by a bullfrog (5 damage)
             ... in a sewer.
             The game lasted 00:02:15 (1395 turns).

grandjackal the Chopper (Demonspawn Gladiator)      Turns: 1395, Time: 00:02:15

Health: 0/42       AC:  7    Str: 16    XL:     5   Next: 4%
Magic:  5/5        EV: 12    Int:  8    God:
Gold:   69         SH:  0    Dex: 15    Spells: 4/4 levels left

rFire   . . .        a - +0 war axe
rCold   . . .        (no shield)
rNeg    . . .        b - +0 leather armour
rPois   .            c - +0 helmet
rElec   .            h - +0 cloak
rCorr   .            (no gloves)
SInv    .            (no boots)
Will    .....        (no amulet)
Stlth   +            (no ring)
HPRegen 0.27/turn    (no ring)
MPRegen 0.09/turn

%: no passive effects
@: brilliant
A: slimy green scales 1
a: no special abilities


You were in a sewer.
You visited 1 branch of the dungeon, and saw 4 of its levels.
You also visited: Sewer.

You collected 69 gold pieces.

Inventory:

Hand Weapons
 a - a +0 war axe (weapon)
Missiles
 d - 4 throwing nets (quivered)
 e - a javelin
Armour
 b - a +0 leather armour (worn)
 c - a +0 helmet (worn)
 h - a +0 cloak (worn)
Scrolls
 f - a scroll of silence {unknown}
 i - a scroll of poison {unknown}
 j - a scroll of fear {unknown}
 l - a scroll of identify {unknown}
 m - a scroll of noise {unknown}
 n - a scroll of brand weapon {unknown}


   Skills:
 + Level 3.7 Fighting
 + Level 4.0 Axes
 - Level 2.0 Throwing
 - Level 3.0 Dodging


You had 4 spell levels left.
You didn't know any spells.
Your spell library was empty.

Dungeon Overview and Level Annotations

Branches:
Dungeon (4/15)              Sewer (1/1)
 Temple: D:4-7

Altars:


Innate Abilities, Weirdness & Mutations

You are partially covered in slimy green scales. (AC +2)


Message History

You hit the bullfrog. The bullfrog hits you.
* * * LOW HITPOINT WARNING * * *
The bullfrog hits you!
* * * LOW HITPOINT WARNING * * *
The bullfrog closely misses you. The frilled lizard bites you.
* * * LOW HITPOINT WARNING * * *
The bullfrog hits you but does no damage.
It was a potion of brilliance.
You feel clever all of a sudden. The bullfrog completely misses you.
The bullfrog hits you but does no damage.
The frilled lizard bites you but does no damage.
The bullfrog barely misses you.
It was a potion of curing.
You feel better. The bullfrog hits you.
* * * LOW HITPOINT WARNING * * *
The bullfrog hits you.
* * * LOW HITPOINT WARNING * * *
The frilled lizard bites you but does no damage.
The bullfrog misses you.
Unknown command.
You feel better. The bullfrog misses you. The bullfrog barely misses you.
The frilled lizard bites you but does no damage.
The bullfrog barely misses you.
Unknown command.
You slash the bullfrog!
The bullfrog is heavily wounded.
You closely miss the frilled lizard. You closely miss the bullfrog.
The bullfrog hits you.
* * * LOW HITPOINT WARNING * * *
The bullfrog completely misses you. The frilled lizard closely misses you.
The bullfrog hits you but does no damage.
The bullfrog hits you.
* * * LOW HITPOINT WARNING * * *
You closely miss the bullfrog.
The bullfrog is heavily wounded.
You hit the frilled lizard but do no damage.
You barely miss the bullfrog. The bullfrog hits you.
* * * LOW HITPOINT WARNING * * *
The frilled lizard barely misses you. The bullfrog hits you.
You die...

#.~≈~≈~≈~~~...≈≈≈≈ #.#
#.~≈~≈~≈.~..~.~≈≈# #†#
#.~≈≈~≈≈~.≈~..∩~≈# #~#
#.~≈≈~≈≈≈~≈≈.~~≈≈# #~#
#.~≈≈~≈≈≈≈~≈≈≈~≈# #.#
#.~≈~†≈≈≈≈≈~≈≈≈≈# #.#
#.~≈~.≈≈≈≈≈≈~≈≈# #~#
#.~≈~.~~l~≈~≈≈########~#
#.~≈~~.@F~~~≈≈≈≈≈~.~~.~#
#÷~≈≈~~~F~~~~≈≈≈≈≈~≈~~~#
#.~~≈≈≈≈≈≈≈≈≈≈≈≈≈≈≈≈≈~.#
#..~~~~~~~~~~~~~~~†~~~.#
##.....÷~~.~~......†...#
#######################


You could see 2 bullfrogs and a frilled lizard.

Vanquished Creatures
  2 river rats (D:3)
  5 adders
  2 ufetubi (D:3)
  5 dart slugs (Sewer)
  3 bats (D:1)
  An endoplasm (D:1)
  13 giant cockroaches
  3 goblins
  3 hobgoblins (D:1)
  2 jackals (D:4)
  3 kobolds
  3 quokkas
  3 ball pythons
  8 frilled lizards
  3 rats (D:1)
59 creatures vanquished.

Notes
Turn   | Place    | Note
-------+----------+-------------------------------------------
     0 | D:1      | grandjackal the Demonspawn Gladiator began the quest for
                  | the Orb.
     0 | D:1      | Reached XP level 1. HP: 16/16 MP: 1/1
   120 | D:1      | Found a faded altar of an unknown god.
   121 | D:1      | Noticed a great orb of eyes
   128 | D:1      | Noticed a golden eye
   330 | D:1      | Gained mutation: You are partially covered in slimy green
                  | scales. (AC +2) [demonic ancestry]
   330 | D:1      | Reached XP level 2. HP: 22/22 MP: 2/2
   580 | D:1      | Noticed a shining eye
   583 | D:1      | Noticed a shining eye
   769 | D:2      | You fall into a shaft and drop 2 floors!
   783 | D:4      | Reached skill level 3 in Axes
   790 | D:4      | Reached XP level 3. HP: 28/28 MP: 3/3
  1078 | D:3      | Reached XP level 4. HP: 31/35 MP: 4/4
  1091 | D:3      | Found a glowing drain.
  1096 | Sewer    | Entered a sewer
  1346 | Sewer    | Reached skill level 4 in Axes
  1346 | Sewer    | Reached XP level 5. HP: 32/42 MP: 5/5
  1390 | Sewer    | HP: 1/42 [frilled lizard (2)]
  1395 | Sewer    | Slain by a bullfrog

Illustrated notes

Levels and vault maps discovered:
D:1:      dpeg_arrival_rooms_c, layout_basic,
          hellmonk_ecumenical_altar_watching_god, minivault_24,
          grunt_decor_clamped, minmay_nonomino_d4
D:2:      layout_loops_ring, kennysheep_crisscross
D:3:      layout_rooms, gup_sewer_entry_spiral, serial_shops,
          nicolae_shop_rolling_square, uniq_sigmund
D:4:      layout_cave_pools, serial_shops, shop, kennysheep_generic_room_3
Sewer:    sewer_frog_island_01

Skill      XL: |  1  2  3  4 |
---------------+-------------+-----
Throwing       | 2 |  2.0
Dodging        | 3 |  3.0
Axes           | 3 4 |  4.0
Fighting       | 3 |  3.7

Action                     |  1- 3 |  4- 6 || total
---------------------------+-------+-------++-------
  Melee: War axe           |   129 |    86 ||   215
         Punch             |     2 |     1 ||     3
    Use: Potion            |       |     3 ||     3
 Armour: Leather armour    |   106 |    95 ||   201
  Dodge: Dodged            |   142 |    95 ||   237

Table legend: (Time is in decaauts)
 A = Elapsed time spent in this place.
 B = Non-inter-level travel time spent in this place.
 C = Inter-level travel time spent in this place.
 D = Time resting spent in this place.
 E = Time spent auto-exploring this place.
 F = Levels seen in this place.
 G = Mean time per level.
                   A        B        C        D        E       F      G
               +--------+--------+--------+--------+--------+-----+--------+
         Total |   1526 |   1469 |     57 |    192 |    649 |   5 |  305.2 |
       Dungeon |   1164 |   1107 |     57 |    166 |    607 |   4 |  291.0 |
         Sewer |    361 |    361 |      0 |     26 |     42 |   1 |  361.0 |
               +--------+--------+--------+--------+--------+-----+--------+

Top non-repeatable levels by time:
     D:1: 710 daAuts
   Sewer: 361 daAuts
     D:3: 354 daAuts
     D:2: 74 daAuts
     D:4: 25 daAuts
